 Dungeon Crawl Stone Soup version 0.31-a0-870-g10ed682358 (webtiles) character file.

Game seed: 7541714832495667928

568 BinkBink the Cleaver (level 7, -5/57 HPs)
             Began as a Minotaur Monk on Oct 12, 2023.
             Was a Believer of Qazlal.
             Slain by an orc warrior
             ... wielding a +1 dire flail of holy wrath
              (7 damage)
             ... on level 5 of the Dungeon.
             The game lasted 00:05:16 (3494 turns).

BinkBink the Cleaver (Minotaur Monk)                Turns: 3494, Time: 00:05:17

Health: -5/57      AC:  2    Str: 18    XL:     7   Next: 11%
Magic:  6/6        EV: 12    Int:  7    God:    Qazlal [**....]
Gold:   277        SH:  8    Dex: 12    Spells: 6/6 levels left

rFire   + . .        t - +1 battleaxe
rCold   . . .        (shield currently unavailable)
rNeg    . . .        b - +0 robe
rPois   .            (helmet restricted)
rElec   .            (no cloak)
rCorr   .            (no gloves)
SInv    .            (no boots)
Will    .....        k - amulet of reflection
Stlth   +            m - ring of protection from fire
HPRegen 0.29/turn    (no ring)
MPRegen 0.10/turn

%: reflection
@: no status effects
A: horns 2, retaliatory headbutt
a: Renounce Religion, Upheaval


You were on level 5 of the Dungeon.
You worshipped Qazlal.
Qazlal was pleased with you.
You visited 1 branch of the dungeon, and saw 6 of its levels.

You collected 277 gold pieces.

Inventory:

Hand Weapons
 t - a +1 battleaxe (weapon)
Armour
 b - a +0 robe (worn)
 d - an orb of light
 g - a +4 plate armour
 q - a +0 kite shield
 y - a +0 pair of gloves
Jewellery
 k - an amulet of reflection (around neck)
 m - a ring of protection from fire (left hand)
 u - an amulet of magic regeneration
Scrolls
 f - 2 scrolls of fog
 i - 2 scrolls of teleportation
 j - a scroll of amnesia
Potions
 c - 2 potions of ambrosia
 l - 2 potions of curing {unknown}
 n - a potion of mutation {unknown}
 s - 2 potions of might {unknown}
 v - 2 potions of cancellation


   Skills:
 - Level 3.6 Fighting
 + Level 9.8 Axes
 - Level 3.2 Dodging


You had 6 spell levels left.
You didn't know any spells.
Your spell library contained the following spells:

 Spells                   Type           Power      Damage    Failure   Level
 Ensorcelled Hibernation  Hex/Ice        0%         N/A       56%         2
 Passwall                 Tmut/Erth      0%         N/A       56%         2
 Call Canine Familiar     Summ           0%         N/A       80%         3
 Sigil of Binding         Hex            0%         N/A       80%         3
 Swiftness                Air            0%         N/A       80%         3
 Dimensional Bullseye     Hex/Tloc       0%         N/A       99%         4
 Leda's Liquefaction      Hex/Erth       0%         N/A       99%         4


Dungeon Overview and Level Annotations

Branches:
Dungeon (6/15)
 Temple: D:4-7

Altars:
Qazlal

Shops:
D:4 =


Innate Abilities, Weirdness & Mutations

You have a pair of horns on your head.
You reflexively headbutt those who attack you in melee.


Message History

Your ufetubus dissolves into shadows!
Your ufetubus explodes!
You hear a sizzling sound!
The fiery explosion engulfs you! You resist.
* * * LOW HITPOINT WARNING * * *
You start resting.
You feel your willpower return.
You start resting.
HP restored.
Okay, then.
You drop 4 potions of degeneration.
You drop a scroll of vulnerability.
Partly explored, can't reach some places.
There is a stone staircase leading down here.
You climb downwards.
The orc warrior hits you with a +1 dire flail of holy wrath!
The orc warrior hits you with a +1 dire flail of holy wrath.
There is a stone staircase leading up, spattered with blood here.
The orc warrior hits you with a +1 dire flail of holy wrath.
You climb upwards.
There is a stone staircase leading down here.
You hit the orc warrior but do no damage.
The orc warrior hits you with a +1 dire flail of holy wrath!
You slash the orc warrior! You headbutt the orc warrior.
The orc warrior is heavily wounded.
The orc warrior hits you with a +1 dire flail of holy wrath.
You hit the orc warrior.
The orc warrior is heavily wounded.
The orc warrior hits you with a +1 dire flail of holy wrath!
* * * LOW HITPOINT WARNING * * *
The orc warrior misses you.
You barely miss the orc warrior.
You headbutt the orc warrior, but do no damage.
The orc warrior is heavily wounded.
The orc warrior hits you with a +1 dire flail of holy wrath!
* * * LOW HITPOINT WARNING * * *
Okay, then.
It was a potion of cancellation.
You feel magically purged.
The orc warrior hits you with a +1 dire flail of holy wrath!
You die...

#.......# #....†..# #......>#
######## ##.....######......#
##.................# ####
#....[..#####....[.# #...
#.......# #####..### #...
###.......###.....## #...
#.##.....###@○##### #...
#..........o.°.# #####...
##.########.##.#######.......
######...## #.##.........###...
<...####..#####.####......######.
....##........#.##...####....###.
.....#.............### ####.....
...............)#### ###.#.
.<..##.....[...## #..#.


You could see an orc warrior.

Vanquished Creatures
  A water moccasin (D:4)
  An ogre (D:4)
  A bullfrog (D:6)
  2 orc priests
  2 hounds
  A jelly (D:6)
  An iguana (D:5)
  4 adders
  A white imp (D:5)
  2 ufetubi
  2 worms (D:5)
  4 dart slugs
  9 orcs
  3 bats
  4 endoplasms
  3 giant cockroaches
  6 hobgoblins
  8 kobolds
  2 quokkas
  6 ball pythons
  A frilled lizard (D:1)
  2 goblins
  6 rats
72 creatures vanquished.

Notes
Turn   | Place    | Note
-------+----------+-------------------------------------------
     0 | D:1      | BinkBink the Minotaur Monk began the quest for the Orb.
     0 | D:1      | Reached XP level 1. HP: 19/19 MP: 0/0
   118 | D:1      | Reached skill level 4 in Axes
   228 | D:1      | Reached XP level 2. HP: 26/26 MP: 1/1
   744 | D:2      | Reached skill level 5 in Axes
   795 | D:2      | Reached XP level 3. HP: 31/31 MP: 2/2
  1271 | D:3      | Found a stormy altar of Qazlal.
  1276 | D:3      | Became a worshipper of Qazlal Stormbringer
  1276 | D:3      | Reached * piety under Qazlal
  1276 | D:3      | Reached ** piety under Qazlal
  1332 | D:3      | Reached skill level 6 in Axes
  1332 | D:3      | Reached XP level 4. HP: 35/39 MP: 3/3
  2068 | D:4      | Noticed an ogre
  2075 | D:4      | Killed an ogre
  2076 | D:4      | Reached skill level 7 in Axes
  2076 | D:4      | Reached XP level 5. HP: 26/45 MP: 4/4
  2289 | D:4      | Found Pette's Jewellery Emporium.
  2298 | D:4      | Noticed a water moccasin
  2303 | D:4      | Killed a water moccasin
  2304 | D:4      | Reached skill level 8 in Axes
  2304 | D:4      | Reached XP level 6. HP: 47/51 MP: 5/5
  2471 | D:5      | Entered Level 5 of the Dungeon
  2632 | D:5      | Reached skill level 9 in Axes
  3241 | D:6      | Noticed an orc warrior
  3245 | D:6      | Reached XP level 7. HP: 46/57 MP: 6/6
  3493 | D:5      | HP: 2/57 [orc warrior/+1 dire flail of holy wrath (14)]
  3494 | D:5      | Slain by an orc warrior

Illustrated notes

Levels and vault maps discovered:
D:1:      lightli_arrival_windingriver, layout_basic, chequers_avenue
D:2:      layout_basic
D:3:      layout_loops_ring, grunt_qazlal_clouds
D:4:      layout_rooms, serial_shops, shop
D:5:      cheibrodos_quashed, layout_rooms, chequers_serial_rivers_micro_a,
          water_maze_lemuel
D:6:      layout_basic, nemelex_spade_bored_becter, temple_doors_e,
          kennysheep_opposing_triangles

Skill      XL: |  1  2  3  4  5  6 |
---------------+-------------------+-----
Axes           | 4 5 6 7 8 9 |  9.8
Fighting       | |  3.6
Dodging        | |  3.2

Action                     |  1- 3 |  4- 6 |  7- 9 || total
---------------------------+-------+-------+-------++-------
  Melee: Hand axe          |    55 |    17 |       ||    72
         Headbutt          |    10 |    11 |     2 ||    23
         Battleaxe         |       |    56 |     4 ||    60
    Use: Scroll            |       |       |    14 ||    14
         Potion            |       |       |     1 ||     1
 Armour: Robe              |    17 |    35 |     9 ||    61
  Dodge: Dodged            |    35 |    38 |     1 ||    74
  Block: Orb               |     1 |     4 |       ||     5
         Other             |       |    19 |       ||    19
         Reflection        |       |     1 |       ||     1

Table legend: (Time is in decaauts)
 A = Elapsed time spent in this place.
 B = Non-inter-level travel time spent in this place.
 C = Inter-level travel time spent in this place.
 D = Time resting spent in this place.
 E = Time spent auto-exploring this place.
 F = Levels seen in this place.
 G = Mean time per level.
                   A        B        C        D        E       F      G
               +--------+--------+--------+--------+--------+-----+--------+
         Total |   3517 |   3273 |    244 |    146 |   2671 |   6 |  586.2 |
       Dungeon |   3517 |   3273 |    244 |    146 |   2671 |   6 |  586.2 |
               +--------+--------+--------+--------+--------+-----+--------+

Top non-repeatable levels by time:
     D:5: 867 daAuts
     D:4: 731 daAuts
     D:1: 673 daAuts
     D:3: 629 daAuts
     D:2: 599 daAuts
     D:6: 16 daAuts
